 Dungeon Crawl Stone Soup version 0.31.0-12-g77e489cdc1 (webtiles) character file.

Game seed: 10445058707557098133

2 NotreDorf the Vexing (level 1, 13/13 HPs)
             Began as a Mummy Enchanter on Mar 2, 2024.
             Quit the game on level 1 of the Dungeon.
             The game lasted 00:01:25 (91 turns).

NotreDorf the Vexing (Mummy Enchanter)                Turns: 91, Time: 00:01:26

Health: 13/13      AC:  2    Str: 17    XL:     1   Next: 33%
Magic:  4/4        EV: 12    Int: 14    God:
Gold:   21         SH:  0    Dex: 12    Spells: 5/5 levels left

rFire   x . .        a - +1 dagger
rCold   + . .        (no shield)
rNeg    + + +        b - +0 robe
rPois   ∞            (no helmet)
rElec   .            (no cloak)
rCorr   .            (no gloves)
SInv    .            (no boots)
Will    .....        (no amulet)
Stlth   ++           d - +6 ring of strength
HPRegen 0.22/turn    (no ring)
MPRegen 0.09/turn

%: faith
@: no status effects
A: cold resistance 1, negative energy resistance 3, torment resistance 2, heat
vulnerability 1, in touch with death 1, no potions, faith
a: no special abilities


You were on level 1 of the Dungeon.
You visited 1 branch of the dungeon, and saw 1 of its levels.

You collected 21 gold pieces.

Inventory:

Hand Weapons
 a - a +1 dagger (weapon)
Armour
 b - a +0 robe (worn)
Jewellery
 d - a +6 ring of strength (left hand)
Scrolls
 c - 2 scrolls of teleportation {unknown}


   Skills:
 + Level 0.8 Short Blades
 + Level 1.6 Dodging
 + Level 2.4 Stealth
 + Level 2.7 Spellcasting
 + Level 2.7 Hexes


You had 5 spell levels left.
You didn't know any spells.
Your spell library contained the following spells:

 Spells                   Type           Power      Damage    Failure   Level
 Ensorcelled Hibernation  Hex/Ice        10%        N/A       19%         2
 Confusing Touch          Hex            9%         N/A       22%         3
 Tukima's Dance           Hex            9%         N/A       22%         3
 Dazzling Flash           Conj/Hex       10%        N/A       36%         3


Dungeon Overview and Level Annotations

Branches:
Dungeon (1/15)

Altars:


Innate Abilities, Weirdness & Mutations

You are immune to poison.
Your flesh is cold resistant. (rC+)
You are immune to negative energy. (rN+++)
You are immune to unholy pain and torment.
You are vulnerable to heat. (rF-)
You are in touch with the powers of death.
You do not drink.
You have a special connection with the divine. (Faith)


Message History

You hit the goblin.
You kill the goblin!
Things that are here:
a +0 dagger; a goblin corpse HP restored.
You see here 12 gold pieces.
The ball python hisses angrily.
A rat comes into view.
The ball python misses you. The ball python grabs you.
The ball python constricts you.
The rat squeaks loudly.
You hit the ball python.
The ball python is severely wounded.
The ball python closely misses you. The ball python constricts you.
You closely miss the ball python.
The ball python is severely wounded.
The ball python barely misses you. The ball python constricts you.
You barely miss the ball python.
The ball python is moderately wounded.
The ball python closely misses you. The ball python constricts you.
You closely miss the ball python.
The ball python is moderately wounded.
The ball python barely misses you. The ball python constricts you.
The ball python bites you but does no damage.
The ball python constricts you.
You closely miss the ball python.
The ball python is moderately wounded.
The ball python bites you. The ball python constricts you.
You hit the ball python.
You kill the ball python!
You hit the rat.
You kill the rat!
No target in view!
You now have 9 gold pieces.
You now have 21 gold pieces (gained 12).
There is a staircase leading out of the dungeon here.
Found a stone staircase leading down.
c - 2 scrolls labelled TIPNAERGH JALA (gained 1)
Okay, then.
Are you sure you want to abandon this character and quit the game? (Confirm with "yes".)

.. #.# #..####### .
#........# ..
#...P.P..# ##...
##..P#~#P.##PP~~.
####...##~##...P~PP~
#..@.#.~~~~~..#~~PPP
#....##.#.##~##..#PP~~♣
>...# #...P#~#P.)##PPP~
... ###..P.P......P.~ .
####.......###..##
........<...# ...
............# ###
.....#..P.P..#
.......P#~#P.# ####


There were no monsters in sight!

Vanquished Creatures
  A goblin (D:1)
  A ball python (D:1)
  A rat (D:1)
3 creatures vanquished.

Notes
Turn   | Place    | Note
-------+----------+-------------------------------------------
     0 | D:1      | NotreDorf the Mummy Enchanter began the quest for the Orb.
     0 | D:1      | Reached XP level 1. HP: 13/13 MP: 4/4
    91 | D:1      | Quit the game

Illustrated notes

Levels and vault maps discovered:
D:1:      eino_arrival_water_cross, layout_basic, serial_bayou,
          serial_bayou_crossing, serial_bayou_ford_a, serial_bayou_lagoon_a,
          serial_bayou_lake_a, minmay_tripent

Action                     || total
---------------------------++-------
  Melee: Dagger            ||    10
         Punch             ||     1
 Armour: Robe              ||     4
  Dodge: Dodged            ||     5
